Map: [ESL] Site Delta

Players

MeomaikA

  • Race: Zerg Zerg
  • Spawn Location: 11:00

MacSed - Winner!

  • Race: Protoss Protoss
  • Spawn Location: 5:00

Event: ESL SC2 Masters 2023 Winter (Regional)

VOD

Have the link to the VOD?

Description

Time

  • Played on: Oct. 28, 2023, 9:33 a.m.
  • Length: 12:44

All games in this series

Show
View Real Time Build Order
Export as new Build Order

MeomaikA Zerg 

Build Orders: Pool First 

Get SALT Encoding   

  12  0:00  Drone  
  13  0:12  Overlord  
  13  0:17  Drone  
  14  0:30  Drone x2  
  14  0:34  Drone  
  17  0:44  Spawning Pool  
  17  0:47  Drone  
  17  1:07  Hatchery  
  17  1:10  Drone  
  17  1:12  Extractor  
  17  1:14  Drone  
  17  1:30  Zergling x4  
  17  1:31  Queen  
  21  1:38  Drone  
  22  1:49  Overlord  
  22  2:07  Drone  
  22  2:08  Queen  
  25  2:10  Drone  
  25  2:11  Metabolic Boost  
  26  2:19  Drone  
  27  2:23  Drone  
  28  2:30  Drone  
  28  2:33  Drone  
  30  2:39  Drone x2  
  30  2:40  Drone  
  30  2:42  Drone  
  34  2:46  Drone  
  35  2:54  Hatchery  
  35  2:57  Drone  
  35  2:58  Drone  
  36  3:05  Overlord  
  36  3:10  Lair  
  36  3:14  Extractor, Drone  
  36  3:18  Spore Crawler  
  36  3:19  Drone  
  36  3:23  Drone, Spore Crawler  
  36  3:26  Drone  
  37  3:28  Drone  
  37  3:29  Drone  
  39  3:35  Drone x2  
  41  3:44  Overlord  
  41  3:45  Zergling x6  
  44  3:48  Overlord  
  44  4:05  Overlord  
  44  4:09  Drone  
  46  4:10  Drone x3, Hydralisk Den  
  46  4:12  Zergling x4  
  49  4:20  Overlord  
  49  4:25  Overlord  
  49  4:26  Overlord  
  49  4:39  Hydralisk x2  
  49  4:40  Hydralisk x4  
  49  4:43  Grooved Spines  
  61  4:50  Drone x3  
  61  4:51  Overlord  
  64  4:56  Drone x2  
  64  4:57  Drone  
  64  4:58  Drone  
  67  5:02  Drone x2  
  67  5:03  Drone  
  70  5:08  Infestation Pit  
  70  5:09  Drone x2  
  70  5:11  Drone  
  72  5:17  Drone x2  
  72  5:20  Drone x2  
  76  5:22  Extractor, Overlord  
  76  5:28  Drone x3  
  78  5:32  Queen  
  78  5:33  Muscular Augments  
  80  5:38  Zergling x10  
  80  5:40  Overlord  
  85  5:48  Hydralisk x2  
  89  5:51  Hydralisk  
  89  5:54  Drone x3  
  89  5:55  Extractor  
  93  5:58  Drone x2, Hydralisk  
  93  5:59  Hydralisk  
  93  6:01  Zergling x2  
  100  6:08  Zergling x4  
  102  6:11  Evolution Chamber  
  102  6:13  Hydralisk  
  102  6:17  Overlord x2  
  102  6:25  Hatchery  
  102  6:31  Zergling x2, Overlord  
  102  6:32  Zergling x4  
  104  6:34  Overlord  
  104  6:35  Hydralisk  
  104  6:36  Hydralisk x3  
  112  6:42  Zergling x6, Hive  
  112  6:47  Zergling x4  
  117  6:50  Queen  
  117  6:51  Hydralisk  
  117  6:53  Hydralisk  
  118  7:02  Zergling x2  
  118  7:03  Zergling x2  
  118  7:04  Zergling x2  
  118  7:05  Zergling x2  
  105  7:10  Zergling x6  
  105  7:14  Zergling x4  
  105  7:15  Zergling x4  
  103  7:18  Drone x3  
  103  7:19  Drone x2  
  108  7:27  Zergling x4  
  108  7:29  Zergling x2  
  111  7:39  Zergling x2  
  112  7:45  Zergling x2  
  112  7:46  Zergling x2  
  112  7:48  Zergling x2  
  112  7:49  Hydralisk  
  112  7:50  Overlord  
  117  7:58  Overlord  
  117  7:59  Drone x3  
  117  8:02  Drone x4  
  117  8:03  Drone x2  
  117  8:04  Zergling x6  
  117  8:05  Ultralisk Cavern  
  128  8:07  Zergling x2  
  128  8:08  Zerg Melee Weapons Level 1  
  128  8:09  Evolution Chamber  
  128  8:10  Evolution Chamber  
  128  8:11  Overlord  
  127  8:12  Queen  
  127  8:13  Overlord  
  127  8:14  Drone  
  127  8:16  Overlord  
  128  8:27  Overlord  
  128  8:35  Zerg Ground Armor Level 1  
  128  8:36  Zerg Missile Weapons Level 1  
  128  8:37  Drone x2  
  128  8:38  Drone x2  
  132  8:50  Overseer  
  132  8:52  Ultralisk x2  
  132  8:54  Zergling x16  
  150  8:58  Chitinous Plating  
  150  8:59  Zergling x4  
  150  9:00  Hatchery  
  150  9:01  Zergling x4  
  150  9:02  Zergling x2  
  154  9:03  Zergling x2  
  154  9:04  Drone  
  156  9:14  Drone  
  156  9:15  Drone x2, Extractor  
  156  9:17  Spine Crawler  
  156  9:18  Drone x3  
  156  9:19  Spine Crawler  
  156  9:20  Viper, Spore Crawler  
  156  9:21  Zergling x6  
  156  9:22  Zergling x2  
  163  9:24  Zergling x4  
  163  9:25  Zergling x2  
  163  9:26  Zergling x2  
  163  9:28  Zergling x2  
  168  9:36  Zergling x2, Viper  
  168  9:37  Zergling x12  
  178  9:39  Zergling x2  
  178  9:42  Zergling x4  
  178  9:43  Zergling x4  
  182  9:48  Zergling x4  
  182  9:49  Zergling x2  
  175  9:55  Adrenal Glands  
  175  9:56  Drone  
  175  9:57  Drone x4  
  175  9:58  Zergling x2  
  180  10:01  Zergling x4  
  180  10:04  Zergling x2  
  180  10:05  Zergling x2  
  184  10:07  Zergling x6, Zerg Melee Weapons Level 2  
  184  10:11  Zergling x2  
  184  10:12  Zergling x4  
  190  10:15  Overlord  
  190  10:16  Zergling x2, Drone  
  190  10:17  Drone  
  187  10:36  Spore Crawler  
  187  10:38  Zergling x2  
  187  10:39  Zergling x26, Spine Crawler  
  199  10:47  Spine Crawler  
  198  11:07  Spine Crawler  
  197  11:23  Zergling x6  
  197  11:24  Zergling x4  
  174  11:26  Zergling x2  
  174  11:27  Zergling x28  
  174  11:28  Zergling x2  
  174  11:32  Ultralisk x3  
  173  11:33  Zergling x2  
  173  11:37  Ultralisk  
  173  11:39  Zergling x8  
  184  11:40  Zergling x4  
  184  11:44  Zergling x2  
  179  11:49  Zergling x6  
  179  11:51  Zergling x2  
  174  11:56  Zergling x2  
  174  11:59  Zergling x2  
  143  12:06  Zergling x4  
  143  12:07  Zergling x4  
  143  12:08  Zergling x4  
  141  12:09  Zergling x4  
  141  12:11  Zergling x6  
  141  12:12  Zergling x6  
  141  12:13  Zergling x6  
  133  12:16  Zergling x2  
  133  12:18  Zergling x2  
  133  12:22  Zergling x2  
  128  12:24  Zergling x2  
  128  12:25  Zergling x2  
Show
View Real Time Build Order
Export as new Build Order

MacSed Protoss - Winner!

Build Orders: 1 Gate Expand, Zealot Archon, Archon Drop 

Get SALT Encoding   

  12  0:00  Probe  
  13  0:12  Probe  
  14  0:19  Pylon  
  14  0:24  Probe  
  15  0:37  Probe (Chrono Boost)  
  15  0:39  Gateway  
  16  0:47  Assimilator, Probe (Chrono Boost)  
  17  0:52  Probe (Chrono Boost)  
  18  1:03  Probe  
  19  1:16  Probe  
  20  1:27  Cybernetics Core  
  20  1:33  Nexus  
  20  1:35  Probe  
  21  1:43  Pylon  
  21  1:48  Probe  
  21  1:51  Assimilator  
  22  2:00  Probe  
  22  2:01  Adept (Chrono Boost)  
  25  2:10  Gateway  
  25  2:14  Probe  
  26  2:26  Probe  
  26  2:28  Stargate  
  27  2:30  Warp Gate  
  27  2:38  Stalker, Probe  
  30  2:45  Probe  
  30  2:50  Gateway, Probe (Chrono Boost)  
  32  2:57  Probe (Chrono Boost)  
  33  3:02  Probe (Chrono Boost)  
  34  3:08  Probe (Chrono Boost)  
  34  3:10  Probe (Chrono Boost)  
  36  3:13  Probe (Chrono Boost)  
  36  3:19  Probe  
  41  3:20  Void Ray (Chrono Boost)  
  41  3:23  Probe  
  43  3:28  Pylon  
  43  3:31  Probe  
  44  3:35  Pylon, Probe  
  45  3:43  Probe  
  45  3:47  Probe  
  47  3:52  Twilight Council, Forge  
  48  3:55  Probe  
  48  3:57  Assimilator  
  48  3:59  Probe  
  48  4:00  Assimilator  
  49  4:05  Pylon  
  49  4:07  Probe  
  49  4:09  Robotics Facility  
  50  4:13  Probe  
  51  4:18  Charge  
  51  4:19  Probe  
  51  4:21  Protoss Ground Weapons Level 1 (Chrono Boost)  
  52  4:29  Gateway  
  52  4:30  Gateway  
  52  4:33  Probe  
  52  4:37  Gateway  
  53  4:41  Gateway  
  53  4:46  Templar Archives  
  53  4:54  Warp Prism (Chrono Boost)  
  53  4:55  Zealot  
  57  5:01  Zealot  
  60  5:09  Pylon  
  59  5:20  Probe  
  60  5:34  Nexus  
  60  5:37  High Templar x2, Pylon  
  60  5:38  High Templar x2  
  60  5:39  Zealot x2  
  60  5:42  Archon x2  
  72  5:44  Probe  
  72  5:45  Probe  
  74  5:51  Observer  
  74  5:57  Probe  
  76  5:58  Shield Battery  
  76  6:03  Pylon x2  
  76  6:05  Zealot x2, Probe  
  81  6:17  High Templar x2  
  85  6:22  Observer  
  85  6:24  Archon  
  85  6:25  Zealot x2  
  87  6:27  Zealot x2  
  87  6:29  Probe x2  
  93  6:40  Robotics Bay  
  93  6:41  Probe x2  
  95  6:51  Zealot x6  
  101  7:06  Probe  
  88  7:08  Probe  
  75  7:16  Zealot x6  
  75  7:17  Probe  
  75  7:18  Probe  
  75  7:21  Probe  
  88  7:24  Pylon  
  88  7:25  Colossus (Chrono Boost)  
  88  7:27  Protoss Ground Weapons Level 2 (Chrono Boost)  
  88  7:29  Extended Thermal Lance, Probe  
  95  7:35  Robotics Facility, Probe  
  86  7:59  Probe x2  
  86  8:01  Assimilator  
  86  8:03  Assimilator  
  88  8:07  High Templar x2, Zealot x3  
  88  8:08  Zealot, Colossus (Chrono Boost)  
  106  8:13  Gateway  
  106  8:14  Gateway  
  106  8:15  Probe x2  
  106  8:17  Pylon  
  106  8:18  Archon  
  108  8:22  Pylon  
  108  8:27  Probe x2  
  110  8:35  High Templar x2, Zealot x2  
  110  8:36  Warp Prism (Chrono Boost)  
  120  8:50  Gateway  
  120  8:51  Gateway, Colossus (Chrono Boost)  
  120  8:54  Archon  
  126  9:06  Zealot, Photon Cannon  
  128  9:11  High Templar x2  
  128  9:12  Zealot x4  
  128  9:14  Pylon  
  128  9:15  Pylon  
  140  9:17  Pylon x2  
  140  9:19  Archon  
  140  9:28  Pylon  
  140  9:29  Pylon  
  140  9:36  Immortal (Chrono Boost)  
  148  9:40  High Templar x2, Protoss Ground Armor Level 1 (Chrono Boost), Immortal (Chrono Boost)  
  142  9:54  Archon, Pylon  
  136  10:01  Immortal (Chrono Boost)  
  136  10:02  High Templar x2  
  136  10:03  Zealot x4  
  152  10:13  Immortal (Chrono Boost)  
  156  10:27  Pylon x2  
  156  10:29  Nexus  
  156  10:31  Immortal (Chrono Boost)  
  156  10:32  Pylon  
  156  10:33  Archon  
  156  10:40  High Templar  
  156  10:41  High Templar  
  156  10:42  Zealot x3  
  170  10:44  Immortal (Chrono Boost)  
  170  11:01  High Templar x2, Zealot  
  170  11:02  Zealot x3  
  182  11:04  Immortal (Chrono Boost)  
  186  11:14  Zealot x2  
  191  11:18  Observer (Chrono Boost)  
  191  11:22  Archon  
  175  11:26  Archon  
  175  11:30  Zealot x4  
  159  11:41  Zealot x4  
  159  11:42  Immortal x2  
  159  11:57  Zealot x4  
  153  12:04  High Templar x2, Zealot x2  
  151  12:11  Archon  
  151  12:14  Zealot x2  
  151  12:20  High Templar x4  
  159  12:26  Archon  
  159  12:27  Zealot x2, Archon  
Tags
 
Add a new tag
Caveats
  • Supply blocks, unpowered buildings, or Contaminate may cause inaccurate times.
  • Supply counts are checked every 10 seconds.